[Event "Titled Tuesday Blitz May 10 Early 2022"]
[White "Bok, Benjamin"]
[Black "Terry, Renato"]
[WhiteFideId "1017063"]
[BlackFideId "3803457"]
[WhiteElo "2658"]
[BlackElo "2577"]
[Result "0-1"]
[Round "10"]
[TimeControl "180+1"]
[Date "2022.05.10"]
[WhiteClock "0:00:01"]
[BlackClock "0:00:42"]

1. d4 d5 2. c4 c6 3. Nf3 Nf6 4. cxd5 cxd5 5. Nc3 a6 6. Bf4 Nc6 7. Rc1 e6 8. e3 Be7 9. h3 O-O 10. Bd3 Bd7 11. O-O Rc8 12. Ne5 g6 13. Bh6 Re8 14. f4 Na5 15. Bg5 b5 16. Qe2 Nc4 17. b3 Na3 18. Nb1 Nxb1 19. Bxb1 Nh5 20. Bxe7 Qxe7 21. Kh2 Qd6 22. Qd2 b4 23. Rc5 Bb5 24. Rfc1 Rxc5 25. dxc5 Qc7 26. Qxb4 f6 27. Ng4 e5 28. fxe5 f5 29. Nf2 Qxe5+ 30. Kg1 Ng3 31. Re1 Ne2+ 32. Kh1 Qxe3 33. Rf1 Ng3+ 0-1


[Site "https://www.chess.com"]

[Event "Titled Tuesday Blitz May 10 Early 2022"]
[White "Bortnyk, Olexandr"]
[Black "Kozak, Adam"]
[WhiteFideId "14120828"]
[BlackFideId "753246"]
[WhiteElo "2723"]
[BlackElo "2459"]
[Result "0-1"]
[Round "10"]
[TimeControl "180+1"]
[Date "2022.05.10"]
[WhiteClock "0:00:02"]
[BlackClock "0:01:55"]

1. e4 c5 2. c3 d5 3. exd5 Qxd5 4. d4 e6 5. Be3 Nf6 6. Nf3 Nc6 7. dxc5 Qxd1+ 8. Kxd1 Ng4 9. b4 a5 10. Bb5 Nxe3+ 11. fxe3 Bd7 12. Bxc6 Bxc6 13. Nbd2 b6 14. Nb3 Bd5 15. cxb6 axb4 16. Kd2 Rb8 17. c4 Bxc4 18. Rhc1 Bd5 19. Kd3 f5 20. Rc7 Be7 21. Rac1 Rxb6 22. Rc8+ Bd8 23. Ne5 Rd6 24. Ke2 O-O 25. Rb8 Ra6 26. Nd4 Rxa2+ 27. Kf1 Be7 28. Rxf8+ Bxf8 29. Rc8 Ra8 30. Rc7 Bd6 0-1


[Site "https://www.chess.com"]

[Event "Titled Tuesday Blitz May 10 Early 2022"]
[White "Cagara, Paulina"]
[Black "Friedel, Tom"]
[WhiteFideId "1124870"]
[BlackFideId "2002108"]
[WhiteElo "1800"]
[BlackElo "2327"]
[Result "1-0"]
[Round "10"]
[TimeControl "180+1"]
[Date "2022.05.11"]
[WhiteClock "0:01:18"]
[BlackClock "0:00:05"]

1. e4 c6 2. d4 d5 3. exd5 cxd5 4. Bd3 Nf6 5. h3 Nc6 6. c3 g6 7. Nf3 Bg7 8. O-O O-O 9. Bf4 Bf5 10. Bxf5 gxf5 11. Re1 Kh8 12. Ne5 e6 13. Nd2 Nd7 14. Ndf3 Ndxe5 15. Nxe5 Nxe5 16. Bxe5 Rg8 17. Qh5 Bxe5 18. Rxe5 Rg5 19. Qxf7 Qg8 20. Qxg8+ Raxg8 21. g3 h5 22. h4 Rg4 23. Rae1 f4 24. Rxh5+ Kg7 25. Kh2 fxg3+ 26. fxg3 Kg6 27. Rhe5 Kf7 28. Rxe6 Rxg3 29. Re7+ Kf6 30. R1e6+ Kf5 31. Re5+ Kf4 32. Rf7+ Kg4 33. Rxd5 Kxh4 34. Rh7+ Kg4 35. Re5 Kf4 36. Rf7+ Kg4 37. Re4+ Kh5 38. Rh7+ Kg6 39. Kxg3 Kxh7+ 40. Kf3 Rf8+ 41. Ke3 Rg8 42. Re7+ Kh6 43. Rxb7 Rg2 44. Kd3 Kg5 45. Kc4 Kf4 46. a4 Ke4 47. b4 Ke3 48. Rxa7 Kd2 49. Rf7 Rg3 50. Rf2+ Ke1 51. Rh2 Rg8 52. b5 Rc8+ 53. Kb4 Rd8 54. a5 1-0


[Site "https://www.chess.com"]

[Event "Titled Tuesday Blitz May 10 Early 2022"]
[White "Carlsen, Magnus"]
[Black "Maghsoodloo, Parham"]
[WhiteFideId "1503014"]
[BlackFideId "12539929"]
[WhiteElo "2832"]
[BlackElo "2630"]
[Result "1-0"]
[Round "10"]
[TimeControl "180+1"]
[Date "2022.05.10"]
[WhiteClock "0:00:09"]
[BlackClock "0:00:02"]

1. b3 d5 2. Bb2 Bf5 3. Nf3 h6 4. g3 Nd7 5. Bg2 Ngf6 6. O-O c6 7. d3 Qc7 8. Nbd2 e5 9. Re1 Be7 10. c4 d4 11. e3 dxe3 12. Rxe3 Ng4 13. Re1 O-O 14. h3 Nxf2 15. Kxf2 Nc5 16. Bf1 Bxd3 17. Bxe5 Qd7 18. Kg2 Rad8 19. Bd4 Bf5 20. Kh2 Ne6 21. Bc3 Ng5 22. h4 Nxf3+ 23. Qxf3 Bg4 24. Qf2 Bf6 25. Ne4 Bxc3 26. Nxc3 f5 27. Bg2 f4 28. gxf4 Qc7 29. Re4 Rd3 30. Ne2 Qd6 31. Re1 Rd2 32. c5 Qd8 33. Qg3 h5 34. Ng1 Rxa2 35. Nh3 Qd2 36. Ng5 Rc2 37. Re8 Rc3 38. Rxf8+ Kxf8 39. Ne4 Rxg3 40. Nxd2 Rd3 41. Nc4 Rxb3 42. Nd6 g6 43. Re8+ Kg7 44. Re7+ Kf6 45. Rxb7 Rxb7 46. Nxb7 Bc8 47. Na5 Bd7 48. Nxc6 a6 49. Kg3 1-0


[Site "https://www.chess.com"]

[Event "Titled Tuesday Blitz May 10 Early 2022"]
[White "Cherniaiev, Tykhon"]
[Black "Gurevich, Dmitry"]
[WhiteFideId "14182360"]
[BlackFideId "2000407"]
[WhiteElo "2289"]
[BlackElo "2506"]
[Result "1/2-1/2"]
[Round "10"]
[TimeControl "180+1"]
[Date "2022.05.10"]
[WhiteClock "0:01:08"]
[BlackClock "0:01:29"]

1. Nf3 Nf6 2. d4 e6 3. c4 a6 4. e3 c5 5. Nc3 d5 6. cxd5 exd5 7. dxc5 Bxc5 8. Bd3 Nc6 9. O-O O-O 10. b3 Re8 11. Bb2 d4 12. exd4 Nxd4 13. Nxd4 Bxd4 14. Qc2 Bg4 15. h3 Bh5 16. Rfe1 Rc8 17. Qd2 Rxe1+ 18. Rxe1 Bg6 19. Bxg6 hxg6 20. Rd1 Bb6 21. Qxd8+ Rxd8 22. Rxd8+ Bxd8 23. Kf1 Kf8 24. Ke2 Ke7 25. Na4 Kd6 26. Ba3+ Kd5 27. Nc3+ Ke6 28. Na4 Kd5 29. Nc3+ Ke6 30. Na4 Kd5 1/2-1/2


[Site "https://www.chess.com"]

[Event "Titled Tuesday Blitz May 10 Early 2022"]
[White "Chernomordik, Pavel"]
[Black "Todorovic, Bojan"]
[WhiteFideId "2804530"]
[BlackFideId "917087"]
[WhiteElo "2220"]
[BlackElo "2266"]
[Result "1-0"]
[Round "10"]
[TimeControl "180+1"]
[Date "2022.05.11"]
[WhiteClock "0:00:05"]
[BlackClock "0:00:01"]

1. e4 e5 2. Nf3 Nc6 3. Bb5 Nf6 4. Qe2 Bc5 5. c3 O-O 6. d3 d6 7. h3 Ne7 8. Bg5 Ng6 9. Nh4 h6 10. Nxg6 fxg6 11. Bc4+ Kh8 12. Be3 g5 13. Nd2 Qe7 14. g4 Be6 15. f3 Bxe3 16. Qxe3 Bxc4 17. Nxc4 b5 18. Nd2 a5 19. O-O-O b4 20. c4 Nd7 21. Nf1 Qf6 22. Nd2 Qf4 23. Qf2 Nc5 24. Kc2 a4 25. h4 gxh4 26. Rxh4 Rfb8 27. g5 Qxg5 28. Rg1 b3+ 29. axb3 axb3+ 30. Kb1 Nxd3 31. Qh2 Qe3 32. Rxh6+ Qxh6 33. Qg2 Nf4 34. Qf1 Rb7 35. Rh1 Rba7 36. Nxb3 Nh5 37. Qh3 g6 38. Qd7 Rf8 39. c5 dxc5 40. Nxc5 Qg7 41. Qc6 Qf6 42. Qb5 Qxf3 43. Rc1 Qf4 44. Qc4 Raa8 45. Ne6 1-0


[Site "https://www.chess.com"]

[Event "Titled Tuesday Blitz May 10 Early 2022"]
[White "Cunha, Lucas Aguiar"]
[Black "Bettalli, Francesco"]
[WhiteFideId "2125404"]
[BlackFideId "2816453"]
[WhiteElo "2361"]
[BlackElo "2216"]
[Result "1-0"]
[Round "10"]
[TimeControl "180+1"]
[Date "2022.05.11"]
[WhiteClock "0:02:00"]
[BlackClock "0:00:58"]

1. e4 e5 2. Nf3 Nf6 3. Nc3 Bc5 4. Nxe5 Nc6 5. Nf3 O-O 6. Be2 Re8 7. d3 d5 8. exd5 Nxd5 9. Nxd5 Qxd5 10. O-O Bg4 11. c3 Re6 12. d4 Bd6 13. Be3 Rae8 14. c4 Qh5 15. h3 Bxh3 16. Ng5 Qg6 17. Nxh3 Rxe3 18. fxe3 Qg3 19. Rf3 Qh2+ 20. Kf2 Be7 21. Qg1 Bh4+ 22. Kf1 Qd6 23. a3 Na5 24. g3 Bf6 25. g4 Nb3 26. Rd1 Bh4 27. g5 Qg6 28. Qg4 Re4 29. Qc8+ 1-0


[Site "https://www.chess.com"]

[Event "Titled Tuesday Blitz May 10 Early 2022"]
[White "D`Arruda, Ricardo D."]
[Black "Csonka, Balazs"]
[WhiteFideId "100692"]
[BlackFideId "742910"]
[WhiteElo "2473"]
[BlackElo "2404"]
[Result "0-1"]
[Round "10"]
[TimeControl "180+1"]
[Date "2022.05.11"]
[WhiteClock "0:00:55"]
[BlackClock "0:00:02"]

1. Nf3 Nf6 2. d4 e6 3. Nc3 Bb4 4. Bd2 b6 5. e3 Bb7 6. Bd3 O-O 7. O-O d6 8. Qe2 Bxc3 9. Bxc3 Ne4 10. Be1 f5 11. Nd2 Nd7 12. f3 Nxd2 13. Bxd2 e5 14. dxe5 Nxe5 15. Ba6 Bxa6 16. Qxa6 Qe7 17. Rfe1 Kh8 18. e4 f4 19. Bc3 Rf6 20. Rad1 Rh6 21. Bxe5 Qxe5 22. c3 Qh5 23. h3 Rg6 24. Kf1 Rg3 25. Re2 Qf7 26. Rd5 g5 27. Qb7 Rf8 28. e5 dxe5 29. Rdxe5 Qxa2 30. Re8 Qf7 31. Qc8 Kg7 32. R8e7 Rxc8 0-1


[Site "https://www.chess.com"]

[Event "Titled Tuesday Blitz May 10 Early 2022"]
[White "Daneshvar, Bardiya"]
[Black "Rohith Krishna S"]
[WhiteFideId "12576468"]
[BlackFideId "46617051"]
[WhiteElo "2330"]
[BlackElo "2117"]
[Result "0-1"]
[Round "10"]
[TimeControl "180+1"]
[Date "2022.05.10"]
[WhiteClock "0:00:13"]
[BlackClock "0:00:21"]

1. b3 Nf6 2. Bb2 e6 3. e3 Be7 4. f4 O-O 5. Nf3 d5 6. Be2 c5 7. O-O Nc6 8. Bb5 Bd7 9. Bxc6 Bxc6 10. Ne5 Be8 11. d3 Nd7 12. Nd2 f6 13. Nxd7 Bxd7 14. e4 d4 15. Qh5 Qe8 16. Qe2 b5 17. c3 dxc3 18. Bxc3 a5 19. Rac1 a4 20. Kh1 Kh8 21. Nf3 axb3 22. axb3 Ra3 23. Qb2 b4 24. Be1 Bb5 25. Qc2 Qa8 26. Bf2 Rd8 27. Ne1 Ra2 28. Qb1 Qa3 29. Bxc5 Rb2 30. Bxe7 Rxb1 31. Rxb1 Re8 32. Bd6 h5 33. Nc2 Qa6 34. e5 Bxd3 35. Nxb4 Qb5 36. Nxd3 Qxd3 37. b4 Rc8 38. b5 Rc2 39. b6 Qe4 40. Rg1 Rxg2 41. Rb4 Rxg1+ 42. Kxg1 Qe1+ 43. Kg2 Qe2+ 44. Kg1 Qe1+ 45. Kg2 Qe2+ 46. Kg1 h4 47. h3 Qe1+ 48. Kg2 Qg3+ 49. Kf1 Qxh3+ 50. Ke2 Qg2+ 51. Ke3 Qb7 52. Kf2 h3 53. Rb3 Qg2+ 0-1


[Site "https://www.chess.com"]

[Event "Titled Tuesday Blitz May 10 Early 2022"]
[White "De Arruda, Leandro Formes"]
[Black "Wartiovaara, Oliver"]
[WhiteFideId "22722009"]
[BlackFideId "513024"]
[WhiteElo "1852"]
[BlackElo "1971"]
[Result "1-0"]
[Round "10"]
[TimeControl "180+1"]
[Date "2022.05.11"]
[WhiteClock "0:00:06"]
[BlackClock "0:00:06"]

1. d4 Nf6 2. Nf3 b6 3. e3 Bb7 4. Nbd2 e6 5. Bd3 c5 6. O-O Be7 7. b3 O-O 8. Bb2 cxd4 9. exd4 d5 10. Ne5 Nc6 11. Qe2 Nb4 12. f4 Rc8 13. Rfc1 g6 14. a3 Nxd3 15. cxd3 Qd6 16. Ndf3 a5 17. Ng5 h6 18. Nh3 Kg7 19. Qf3 Ba6 20. g4 h5 21. gxh5 Nxh5 22. Qg4 Nf6 23. Qg3 Nd7 24. Kf2 Nxe5 25. fxe5 Qd7 26. Ke3 Qb5 27. Nf4 Rxc1 28. Rxc1 Rh8 29. b4 axb4 30. axb4 Qxb4 31. Bc3 Qb3 32. Kd2 Ba3 33. Rc2 Bb4 34. h4 Bxc3+ 35. Rxc3 Qb2+ 36. Rc2 Qb4+ 37. Ke3 Qb3 38. Rd2 Qb4 39. h5 Rh6 40. hxg6 fxg6 41. Qg5 Bc8 42. Rg2 Qf8 43. Nxg6 Qf5 44. Ne7+ Qxg5+ 45. Rxg5+ Kf7 46. Nxc8 Rh4 47. Nd6+ Ke7 48. Rg7+ Kd8 49. Rb7 Rh3+ 50. Kd2 b5 51. Rxb5 Rh6 52. Rb7 Rh2+ 53. Kc3 Rc2+ 54. Kb3 Rb2+ 55. Ka3 Ra2+ 56. Kb4 Ra4+ 57. Kb5 Rb4+ 58. Ka6 Ra4+ 59. Kb6 Ra6+ 60. Kb5 Ra5+ 61. Kc6 Ra6+ 62. Kc5 Rc6+ 63. Kb4 Ra6 64. Rb8+ Kd7 65. Rh8 Rb6+ 66. Kc5 Rc6+ 67. Kb4 Rb6+ 68. Nb5 Kc6 69. Rc8+ Kd7 70. Rc7+ Kd8 71. Rh7 Rc6 72. Nd6 Rb6+ 73. Kc3 Rb3+ 74. Kd2 Rxd3+ 75. Ke2 Re3+ 76. Kf2 Rf3+ 77. Kg2 Rf2+ 78. Kg3 Rf3+ 79. Kg4 Rf4+ 80. Kg5 Rg4+ 81. Kf6 Rf4+ 82. Nf5 Rxf5+ 83. Kxe6 Rf4 84. Kxd5 Rf8 85. e6 Rf5+ 86. Kd6 Ke8 87. Rh8+ Rf8 88. Rxf8+ Kxf8 89. Kd7 1-0


[Site "https://www.chess.com"]

[Event "Titled Tuesday Blitz May 10 Early 2022"]
[White "De Silva, L M S T"]
[Black "Jumabayev, Rinat"]
[WhiteFideId "9953698"]
[BlackFideId "13702661"]
[WhiteElo "1631"]
[BlackElo "2561"]
[Result "0-1"]
[Round "10"]
[TimeControl "180+1"]
[Date "2022.05.10"]
[WhiteClock "0:00:02"]
[BlackClock "0:00:07"]

1. e4 c5 2. Nf3 d6 3. Bb5+ Bd7 4. Bxd7+ Nxd7 5. O-O Ngf6 6. Qe2 e6 7. c3 Be7 8. d4 O-O 9. Rd1 Rc8 10. e5 Ne8 11. Nbd2 cxd4 12. cxd4 Nc7 13. Ne4 dxe5 14. dxe5 Nd5 15. Bg5 Nc5 16. Nd6 Rc6 17. Bxe7 Qxe7 18. Rac1 a6 19. Nd4 Rc7 20. N4f5 Qg5 21. h4 Qd8 22. Ne3 Nxe3 23. Qxe3 Nd7 24. h5 h6 25. g3 Rxc1 26. Rxc1 Qg5 27. Qxg5 hxg5 28. f4 gxf4 29. gxf4 b5 30. Rc7 Nb6 31. Ra7 Nd5 32. Rxa6 Nxf4 33. Nxb5 Rc8 34. Nc3 Nd3 35. Ne4 Nxb2 36. Nd6 Rf8 37. Ra3 Rb8 38. Kf1 Rb4 39. Ra8+ Kh7 40. Nxf7 Rf4+ 41. Ke2 Rxf7 42. Ra6 Re7 43. Rc6 Ra7 44. Rxe6 Rxa2 45. Kf3 Nd3 46. Re8 Ra4 47. e6 Ne5+ 48. Kg3 Re4 49. Re7 Ng4 50. Re8 Nf6 51. Re7 Kh6 52. Re8 Nxe8 0-1


[Site "https://www.chess.com"]

[Event "Titled Tuesday Blitz May 10 Early 2022"]
[White "Demchenko, Anton"]
[Black "Rodchenkov, Sergey D."]
[WhiteFideId "4160258"]
[BlackFideId "4168712"]
[WhiteElo "2539"]
[BlackElo "2306"]
[Result "1-0"]
[Round "10"]
[TimeControl "180+1"]
[Date "2022.05.11"]
[WhiteClock "0:00:08"]
[BlackClock "0:00:07"]

1. e4 c5 2. Nf3 d6 3. d4 cxd4 4. Qxd4 Nc6 5. Bb5 Bd7 6. Bxc6 Bxc6 7. Nc3 Nf6 8. Bg5 e6 9. O-O-O Be7 10. Kb1 O-O 11. h4 Qa5 12. Qd2 Rfd8 13. Rhe1 Qa6 14. Nd4 b5 15. f3 b4 16. Nce2 Rab8 17. g4 h6 18. Bxh6 gxh6 19. Ng3 Bf8 20. g5 Nd7 21. gxh6 Ne5 22. Qg5+ Kh8 23. Rg1 Ng6 24. h5 Be7 25. Qg4 Rg8 26. hxg6 Rxg6 27. Qf4 Bf6 28. Qxd6 Rc8 29. Qxb4 Ba8 30. Nge2 Rxg1 31. Rxg1 Rd8 32. a3 Qc8 33. Nb3 Qd7 34. Nc3 Qe8 35. Rd1 Rb8 36. Qc4 Bc6 37. Nd4 Bd7 38. f4 a5 39. e5 Be7 40. Ne4 Bxa3 41. b3 Be7 42. Nf6 Bxf6 43. exf6 a4 44. Qc5 axb3 45. cxb3 Bc8 46. Qg5 Qg8 47. Qg7+ Qxg7 48. hxg7+ Kg8 49. Rh1 1-0


[Site "https://www.chess.com"]

[Event "Titled Tuesday Blitz May 10 Early 2022"]
[White "Dmitrenko, Viktor"]
[Black "Kohler, Aran"]
[WhiteFideId "14110270"]
[BlackFideId "1002856"]
[WhiteElo "2218"]
[BlackElo "2296"]
[Result "0-1"]
[Round "10"]
[TimeControl "180+1"]
[Date "2022.05.11"]
[WhiteClock "0:00:01"]
[BlackClock "0:00:17"]

1. d4 Nf6 2. Bg5 d5 3. Nc3 Nbd7 4. Nf3 c6 5. e3 h6 6. Bf4 Qb6 7. a3 e6 8. Bd3 Be7 9. O-O O-O 10. h3 c5 11. b3 Qd8 12. Nb5 Ne8 13. c4 a6 14. Nc3 cxd4 15. exd4 dxc4 16. bxc4 Bd6 17. Be3 b6 18. Qd2 Bb7 19. Ne4 Bxe4 20. Bxe4 Nef6 21. Bxa8 Qxa8 22. Rfc1 Rc8 23. a4 Ne4 24. Qd3 f5 25. a5 bxa5 26. Rxa5 Bb4 27. Raa1 a5 28. c5 Qd5 29. Qb5 Rb8 30. Qa4 Rc8 31. Bf4 e5 32. Nxe5 Nxe5 33. Bxe5 Rc6 34. Qb5 Rg6 35. Qe8+ Kh7 36. Rc2 Nd2 37. Qxg6+ Kxg6 38. Rd1 Ne4 39. Rcc1 Nc3 40. Re1 Qc6 41. Kh1 Nd5 42. f3 a4 43. Re2 Kf7 44. Rec2 a3 45. Ra2 Nc3 46. Rxc3 Bxc3 47. Rxa3 Bb4 48. Ra7+ Kg6 49. Rc7 Qb5 50. Rxg7+ Kh5 51. g4+ Kh4 52. Kg2 Qe2+ 53. Kh1 Qf1+ 54. Kh2 Qf2+ 55. Kh1 Kxh3 56. gxf5 Qxf3+ 0-1


[Site "https://www.chess.com"]

[Event "Titled Tuesday Blitz May 10 Early 2022"]
[White "Wagner, Dinara"]
[Black "Jarovinsky, Alexey"]
[WhiteFideId "24157570"]
[BlackFideId "14115131"]
[WhiteElo "2216"]
[BlackElo "2446"]
[Result "1-0"]
[Round "10"]
[TimeControl "180+1"]
[Date "2022.05.11"]
[WhiteClock "0:00:08"]
[BlackClock "0:00:04"]

1. d4 Nc6 2. Nf3 d6 3. c4 Nf6 4. g3 e5 5. d5 Nb8 6. Bg2 Be7 7. Nc3 O-O 8. e4 Ne8 9. O-O f5 10. exf5 Bxf5 11. Be3 Bg4 12. h3 Bh5 13. g4 Bg6 14. Nd2 Bg5 15. Nde4 Bxe3 16. fxe3 Rxf1+ 17. Qxf1 Nd7 18. Qf2 h6 19. Rf1 Nef6 20. Ng3 Nc5 21. Nf5 Bxf5 22. Qxf5 Qd7 23. Qg6 Qf7 24. Qc2 Rf8 25. b4 Ncd7 26. Ne4 Qe7 27. Ng3 Nh7 28. Nf5 Qg5 29. Qe2 e4 30. Bxe4 Ne5 31. Qf2 Qd8 32. Qe2 Ng5 33. Bg2 g6 34. Nd4 Rxf1+ 35. Qxf1 Qe7 36. h4 Nh7 37. h5 gxh5 38. gxh5 Qg5 39. Qf4 Qxh5 40. Ne6 Qd1+ 41. Kh2 Qg4 42. Qxh6 Qg6 43. Qxg6+ Nxg6 44. Nxc7 a6 45. c5 dxc5 46. bxc5 Nf6 47. d6 b5 48. cxb6 Nd7 49. b7 Nb8 50. Bh3 Ne5 51. d7 Nexd7 52. Bxd7 Nxd7 53. Nxa6 1-0


[Site "https://www.chess.com"]

[Event "Titled Tuesday Blitz May 10 Early 2022"]
[White "Estrada Nieto, Julian"]
[Black "Zemlyanskii, Ivan"]
[WhiteFideId "5101018"]
[BlackFideId "24249971"]
[WhiteElo "2252"]
[BlackElo "1815"]
[Result "1-0"]
[Round "10"]
[TimeControl "180+1"]
[Date "2022.05.11"]
[WhiteClock "0:01:33"]
[BlackClock "0:00:57"]

1. e4 c5 2. Nf3 e6 3. c3 d5 4. exd5 Qxd5 5. d4 Nf6 6. Na3 Qd8 7. Nc2 Nc6 8. Bf4 Qb6 9. Rb1 Be7 10. Bd3 O-O 11. O-O Rd8 12. Qe2 cxd4 13. Ncxd4 Nxd4 14. Nxd4 Bd7 15. Rfd1 Nd5 16. Bg3 Bf6 17. Nf3 Bc6 18. Ne5 g6 19. a3 Rac8 20. c4 Ne7 21. Ng4 Bg7 22. Be5 Bxe5 23. Qxe5 Qd4 24. Qg5 Nf5 25. Be2 Qg7 26. Rxd8+ Rxd8 27. Qxd8+ Qf8 28. Nf6+ Kg7 29. Qxf8+ Kxf8 30. Nxh7+ Kg7 31. Ng5 Nd4 32. Bf3 e5 33. Bxc6 bxc6 34. Nf3 1-0


[Site "https://www.chess.com"]

[Event "Titled Tuesday Blitz May 10 Early 2022"]
[White "Gallego Alcaraz, Andres Felipe"]
[Black "Stevens, Christian"]
[WhiteFideId "4402669"]
[BlackFideId "2604450"]
[WhiteElo "2340"]
[BlackElo "2486"]
[Result "1-0"]
[Round "10"]
[TimeControl "180+1"]
[Date "2022.05.11"]
[WhiteClock "0:02:09"]
[BlackClock "0:00:53"]

1. d4 Nf6 2. c4 e6 3. Nf3 d5 4. g3 dxc4 5. Bg2 Nc6 6. O-O Rb8 7. Nc3 a6 8. b3 cxb3 9. axb3 Be7 10. Bb2 O-O 11. e4 Nb4 12. Qe2 b5 13. Rfd1 Bb7 14. Ne5 c5 15. d5 exd5 16. exd5 Qc7 17. Ng4 Nxg4 18. Qxg4 Bf6 19. Nxb5 Qd8 20. Nc3 Nc2 21. Rac1 Nd4 22. Ne4 Bxd5 23. Nxf6+ Qxf6 24. Bxd5 1-0


[Site "https://www.chess.com"]

[Event "Titled Tuesday Blitz May 10 Early 2022"]
[White "Gatterer, Florian"]
[Black "Danaci, Ege"]
[WhiteFideId "811688"]
[BlackFideId "34506748"]
[WhiteElo "2218"]
[BlackElo "1799"]
[Result "0-1"]
[Round "10"]
[TimeControl "180+1"]
[Date "2022.05.11"]
[WhiteClock "0:00:06"]
[BlackClock "0:00:06"]

1. e4 c5 2. Nf3 e6 3. d4 cxd4 4. Nxd4 a6 5. c4 Qc7 6. Nc3 Nf6 7. Bd3 Bb4 8. O-O Bxc3 9. bxc3 O-O 10. a4 b6 11. a5 bxa5 12. Qe2 e5 13. Nf5 d6 14. Qf3 Bxf5 15. Qxf5 Nbd7 16. Bg5 h6 17. Bh4 g6 18. Qh3 Kg7 19. Kh1 Nh5 20. Bg3 Nxg3+ 21. hxg3 Nc5 22. Bc2 Rab8 23. f4 Rb2 24. Rac1 f6 25. Rfd1 h5 26. Kg1 Rxc2 27. Rxc2 Nxe4 28. Qe6 Qc5+ 29. Kh2 Qe3 30. Qh3 Nf2 31. Rxf2 Qxf2 32. Rxd6 exf4 33. Rd7+ Kh6 34. gxf4 Qxf4+ 35. Qg3 Qxg3+ 36. Kxg3 Rc8 37. Ra7 Rxc4 38. Rxa6 Rxc3+ 39. Kh2 Ra3 40. Rxf6 Kg5 41. Ra6 h4 42. Ra8 Kg4 43. Ra6 g5 44. Ra7 Ra2 45. Rh7 a4 46. Rh8 Rc2 47. Ra8 Rc4 48. Ra5 Kf4 49. Kh3 Rc3+ 50. Kh2 Ra3 51. Ra6 g4 52. Rf6+ Kg5 53. Rb6 g3+ 54. Kh3 Ra1 55. Rb5+ Kf4 56. Rb4+ Ke3 57. Kxh4 Kf2 58. Kh3 Rh1+ 59. Kg4 Kxg2 60. Rxa4 Kh2 61. Ra2+ g2 62. Kf3 Rf1+ 63. Kg4 Rf8 64. Rxg2+ Kxg2 65. Kg5 Re8 66. Kh6 Rg8 67. Kh7 Rg3 68. Kh6 Kf3 69. Kh7 Kf4 70. Kh6 Kf5 71. Kh5 Rh3# 0-1


[Site "https://www.chess.com"]

[Event "Titled Tuesday Blitz May 10 Early 2022"]
[White "Gharibyan, Mamikon"]
[Black "Sokolovsky, Yahli"]
[WhiteFideId "13308300"]
[BlackFideId "2820242"]
[WhiteElo "2254"]
[BlackElo "1770"]
[Result "1/2-1/2"]
[Round "10"]
[TimeControl "180+1"]
[Date "2022.05.10"]
[WhiteClock "0:00:05"]
[BlackClock "0:00:18"]

1. c4 d6 2. Nc3 e5 3. g3 Nc6 4. Bg2 Be6 5. d3 Qd7 6. Rb1 a5 7. a3 g6 8. b4 axb4 9. axb4 Bg7 10. b5 Nd8 11. Ne4 h6 12. h3 f5 13. Nc3 Ne7 14. e3 O-O 15. Nd5 e4 16. Nxe7+ Qxe7 17. Ne2 exd3 18. Qxd3 Nf7 19. O-O Ne5 20. Qc2 Bxc4 21. Rd1 Ra2 22. Bb2 Qf7 23. Nf4 Bb3 24. Qc1 Kh7 25. Bxe5 Bxe5 26. Rxb3 Qxb3 27. Bd5 Qb2 28. Bxa2 Qxa2 29. Qxc7+ Rf7 30. Qc8 Qb3 31. Rc1 Qxb5 32. Rc7 Qb3 33. Kh2 Bxf4 34. exf4 Rxc7 35. Qxc7+ Kg8 36. Qxd6 Qf7 37. h4 h5 38. Qd8+ Kh7 39. Qd6 b5 40. Qb4 Qd7 41. Qc5 Qb7 42. Qb4 Kg7 43. Qb2+ Kf7 44. Qb4 Qb6 45. Kg2 Qc6+ 46. f3 Qc4 47. Qd6 Qe2+ 48. Kh3 Qe6 49. Qc7+ Qe7 50. Qc3 b4 51. Qc4+ Kg7 52. Kg2 Qb7 53. Qb3 Qb6 54. Qb2+ Kf7 55. Qb3+ Kg7 56. Qb2+ Kh7 57. Qb3 Qb7 58. Kf2 Kg7 59. Ke3 Qb6+ 60. Kd3 Qb5+ 61. Ke3 Qc5+ 62. Ke2 Qc3 63. Qxc3+ bxc3 64. Kd3 Kf6 65. Kxc3 Ke6 66. Kc4 Kd6 67. Kd4 Ke6 68. Kc5 Ke7 69. Kd5 Kd7 70. Ke5 Ke7 71. Kd5 Kd7 72. Kc5 Kc7 73. Kc4 Kc6 74. Kd4 Kd6 75. Kd3 Kd5 76. Kc3 Kc5 77. Kd3 Kd5 78. Kc3 Kc5 79. Kd3 Kd5 1/2-1/2


[Site "https://www.chess.com"]

[Event "Titled Tuesday Blitz May 10 Early 2022"]
[White "Golubev, Mikhail"]
[Black "Vignesh, N R"]
[WhiteFideId "14100983"]
[BlackFideId "25012215"]
[WhiteElo "2374"]
[BlackElo "2363"]
[Result "1-0"]
[Round "10"]
[TimeControl "180+1"]
[Date "2022.05.10"]
[WhiteClock "0:00:56"]
[BlackClock "0:00:55"]

1. e4 e6 2. d4 d5 3. Nc3 Bb4 4. e5 c5 5. a3 Bxc3+ 6. bxc3 Ne7 7. a4 Qc7 8. Nf3 Nbc6 9. Ba3 c4 10. Qd2 Bd7 11. g3 Nc8 12. Bg2 Na5 13. O-O Bxa4 14. Bb4 b5 15. Nh4 Nb7 16. f4 a5 17. Ba3 g6 18. g4 Nb6 19. f5 gxf5 20. gxf5 O-O-O 21. fxe6 fxe6 22. Bh3 Rde8 23. Rf6 Nd8 24. Bd6 Qg7+ 25. Kh1 Nd7 26. Rg1 Qxg1+ 27. Kxg1 Nxf6 28. exf6 Rhg8+ 29. Bg2 Rg4 30. Nf3 Reg8 31. Bg3 Nf7 32. Ne5 Nxe5 33. dxe5 b4 34. cxb4 c3 35. Qf2 Rxb4 36. f7 Rb1+ 37. Bf1 Rf8 38. Qc5+ Kb7 39. Qxf8 Bb5 40. Qe7+ Ka6 41. Qxe6+ 1-0


[Site "https://www.chess.com"]

[Event "Titled Tuesday Blitz May 10 Early 2022"]
[White "Hambleton, Aman"]
[Black "Aldokhin, Ivan"]
[WhiteFideId "2606577"]
[BlackFideId "24115720"]
[WhiteElo "2552"]
[BlackElo "2231"]
[Result "1-0"]
[Round "10"]
[TimeControl "180+1"]
[Date "2022.05.10"]
[WhiteClock "0:00:12"]
[BlackClock "0:00:08"]

1. d4 Nf6 2. Bf4 g6 3. Nc3 c5 4. e3 Bg7 5. Nf3 O-O 6. Be2 b6 7. O-O Bb7 8. h3 d6 9. Bh2 Nbd7 10. a4 a6 11. d5 b5 12. axb5 axb5 13. Rxa8 Qxa8 14. Bxb5 Ba6 15. e4 Nxe4 16. Bxd7 Nxc3 17. bxc3 Bxf1 18. Kxf1 Bxc3 19. g4 Qa1 20. Qxa1 Bxa1 21. c4 Rb8 22. Bb5 Ra8 23. Bf4 Ra3 24. Be3 Ra2 25. Kg2 Kg7 26. g5 Rc2 27. Kg3 Bb2 28. h4 Bc1 29. Bxc1 Rxc1 30. Nh2 Rc3+ 31. f3 h6 32. Ng4 hxg5 33. hxg5 f6 34. Nf2 Rc1 35. Nh3 Rc2 36. Kg4 Rg2+ 37. Kf4 Rh2 38. Kg3 Rb2 39. Nf2 Kf7 40. Ne4 Rb3 41. Kf4 f5 42. Nf2 Rb2 43. Kg3 Rd2 44. Nh3 Rd4 45. Nf4 Rd2 46. Bd7 Kg7 47. Ne6+ Kh7 48. Be8 Rc2 49. Nf8+ Kg7 50. Nxg6 Rxc4 51. Nxe7 f4+ 52. Kg4 Rb4 53. Nf5+ Kf8 54. Bd7 c4 55. g6 Rb7 56. g7+ Kg8 57. Be6+ Rf7 58. Bxf7+ Kxf7 59. Kxf4 c3 60. Nd4 c2 61. Nxc2 Kxg7 62. Nd4 Kf7 63. Nb5 Ke7 64. Kf5 Kd7 65. Nxd6 Kxd6 66. f4 Kxd5 67. Kg6 Kd6 68. f5 Ke7 69. Kg7 Ke8 70. f6 Kd7 71. f7 1-0


[Site "https://www.chess.com"]

[Event "Titled Tuesday Blitz May 10 Early 2022"]
[White "Dronavalli, Harika"]
[Black "Raahul V S"]
[WhiteFideId "5015197"]
[BlackFideId "25035525"]
[WhiteElo "2382"]
[BlackElo "2185"]
[Result "1/2-1/2"]
[Round "10"]
[TimeControl "180+1"]
[Date "2022.05.11"]
[WhiteClock "0:00:23"]
[BlackClock "0:00:06"]

1. e4 e6 2. d4 d5 3. Nd2 c5 4. Ngf3 cxd4 5. exd5 Qxd5 6. Bc4 Qd7 7. O-O Nf6 8. Nb3 Qc7 9. Qe2 Nc6 10. Nbxd4 Nxd4 11. Nxd4 a6 12. Bg5 Bd6 13. h3 b5 14. Bd3 Nd5 15. c4 bxc4 16. Bxc4 Nf4 17. Bxf4 Bxf4 18. Bd3 Qe5 19. Be4 Rb8 20. Rad1 O-O 21. g3 f5 22. Bf3 Qxe2 23. Bxe2 Bg5 24. Bc4 Rxb2 25. Nxe6 Bxe6 26. Bxe6+ Kh8 27. h4 Bf6 28. Rb1 Re2 29. Rfe1 Rxe1+ 30. Rxe1 Re8 31. Kf1 f4 32. Bd7 Rxe1+ 33. Kxe1 fxg3 34. fxg3 Kg8 35. Kf2 Kf8 36. h5 Ke7 37. Bc8 a5 38. Kf3 Kd6 39. g4 Kd5 40. Bb7+ Kd4 41. Bc8 Kd3 42. Kf4 h6 43. Kf5 Ke3 44. Be6 Kf3 45. Bf7 Kg3 46. a4 Kf3 47. Be8 Ke3 48. Bd7 Kd4 49. Kg6 Kc5 50. Bb5 Kd4 51. g5 Bxg5 52. Kxg7 Ke4 53. Kg6 Kf4 54. Be8 Kg3 55. Kf7 Kh4 56. Ke6 Bd2 57. Kd5 Kg5 58. Kc4 Bb4 59. Bg6 Be1 60. Kb5 Bb4 61. Kb6 Be1 62. Kb5 Bb4 63. Kc4 Be1 1/2-1/2


[Site "https://www.chess.com"]